 Dungeon Crawl Stone Soup version 0.30.1 (webtiles) character file.

Game seed: 13634412056600176253

553 LustLizard the Digger (level 7, -4/40 HPs)
             Began as a Gargoyle Earth Elementalist on July 4, 2023.
             Was a Follower of Makhleb.
             Slain by Duvessa
             ... wielding a +0 rapier
              (5 damage)
             ... on level 5 of the Dungeon.
             The game lasted 00:04:43 (3831 turns).

LustLizard the Digger (Gargoyle Earth Elementalist) Turns: 3831, Time: 00:04:43

Health: -4/40      AC:  6    Str: 12    XL:     7   Next: 29%
Magic:  0/11       EV: 11    Int: 17    God:    Makhleb [*.....]
Gold:   104        SH:  0    Dex: 10    Spells: 8/12 levels left

rFire   . . .        m - +2 shortbow (heavy)
rCold   + . .        (shield currently unavailable)
rNeg    + . .        a - +0 robe
rPois   ∞            (no helmet)
rElec   +            (no cloak)
rCorr   .            (no gloves)
SInv    .            (no boots)
Will    .....        (no amulet)
Stlth   ++           d - ring of protection from cold
HPRegen 0.26/turn    (no ring)
MPRegen 0.12/turn

%: no passive effects
@: no status effects
A: sickness immunity, AC +4, negative energy resistance 1, electricity
resistance, torment resistance 1, petrification resistance
a: Renounce Religion


You were on level 5 of the Dungeon.
You worshipped Makhleb.
Makhleb was aware of your devotion.
You visited 1 branch of the dungeon, and saw 5 of its levels.

You collected 174 gold pieces.
You spent 70 gold pieces at shops.

Inventory:

Hand Weapons
 i - a +0 short sword
 m - a +2 heavy shortbow (weapon)
 s - a +3 whip
Armour
 a - a +0 robe (worn)
 l - a +0 buckler
Jewellery
 d - a ring of protection from cold (left hand)
Scrolls
 f - 5 scrolls of identify
 g - a scroll of fear {unknown}
 h - a scroll of enchant armour {unknown}
 j - a scroll of amnesia {unknown}
 k - a scroll of blinking {unknown}
 p - a scroll of silence {unknown}
 q - a scroll of noise {unknown}
 r - a scroll of enchant weapon {unknown}
Potions
 b - a potion of magic
 c - 6 potions of heal wounds {unknown}
 e - a potion of degeneration {unknown}
 n - 2 potions of curing {unknown}
 o - a potion of attraction {unknown}
 t - a potion of lignification {unknown}


   Skills:
 + Level 2.6 Fighting
 - Level 1.5 Dodging
 + Level 3.8 Stealth
 + Level 3.1 Spellcasting
 * Level 3.2 Conjurations
 - Level 0.7 Transmutations
 * Level 5.8 Earth Magic
 * Level 2.9 Invocations


You had 8 spell levels left.
You knew the following spells:

 Your Spells              Type           Power      Damage    Failure   Level
a - Sandblast             Erth           44%        2d11      1%          1
b - Stone Arrow           Conj/Erth      36%        3d9       8%          3

Your spell library contained the following spells:

 Spells                   Type           Power      Damage    Failure   Level
 Passwall                 Tmut/Erth      10%        N/A       7%          2
 Momentum Strike          Conj/Tloc      16%        3d8       13%         2
 Blink                    Tloc           4%         N/A       26%         2
 Lesser Beckoning         Tloc           4%         N/A       26%         2
 Petrify                  Tmut/Erth      13%        N/A       41%         4


Dungeon Overview and Level Annotations

Branches:
Dungeon (5/15)             Temple (0/1) D:5

Altars:
Gozag
Makhleb
Qazlal
Ru
Uskayaw

Shops:
D:3 :   D:5 ?

Annotations:
D:5 Dowan, Duvessa, Edmund, Sigmund


Innate Abilities, Weirdness & Mutations

You are immune to sickness and miasma.
Your stone body is resilient. (AC +4)
You are immune to poison.
You resist negative energy. (rN+)
You are resistant to electric shocks. (rElec)
You are resistant to unholy torment.
You are immune to petrification.


Message History

You don't have enough magic to cast this spell.
Unknown command.
Unknown command.
You shoot an arrow. The arrow barely misses Duvessa.
The arrow misses Dowan.
Duvessa closely misses you.
Dowan gestures wildly while chanting.
Dowan blinks!
Duvessa closely misses you. Duvessa hits you with a +0 rapier!
You shoot an arrow. The arrow closely misses Duvessa.
The arrow misses Dowan.
Duvessa barely misses you. Duvessa hits you with a +0 rapier.
You shoot an arrow. The arrow hits Duvessa.
Duvessa is heavily wounded.
Duvessa hits you with a +0 rapier.
Dowan casts a spell at Duvessa.
Duvessa seems to speed up.
Duvessa barely misses you.
Casting: Stone Arrow (dangerous; 8% risk of failure)
Confirm with . or Enter, or press ? or * to list all spells.
Aiming: Stone Arrow (dangerous; 8% risk of failure)
Press: ? - help, Shift-Dir - straight line, f/p - Duvessa
Aim: Duvessa, wielding a +0 rapier and wearing a +0 ring mail of cold resistance (heavily wounded, fast, 77% to hit)
The stone arrow hits Duvessa!
Duvessa is severely wounded.
Duvessa hits you but does no damage.
Your magical contamination has completely faded away.
You are too injured to fight recklessly!
You don't have enough magic to cast this spell.
You don't have enough magic to cast this spell.
Unknown command.
You don't have enough magic to cast this spell.
Unknown command.
Fire: m) +2 shortbow (heavy)
Press: ? - help, Shift-Dir - straight line, f/p - Duvessa
Aim: Duvessa, wielding a +0 rapier and wearing a +0 ring mail of cold resistance (severely wounded, fast, 67% to hit)
You shoot an arrow. The arrow hits Duvessa.
Duvessa is almost dead.
Duvessa hits you with a +0 rapier!
* * * LOW HITPOINT WARNING * * *
Duvessa hits you with a +0 rapier!
* * * LOW HITPOINT WARNING * * *
Duvessa hits you with a +0 rapier.
You die...

#.#.≈≈_≈≈.#
#.#.≈≈≈≈≈.#
###.#..≈≈≈..###
#..............
#.####.........
#.# #.######..#
#.# #.# ..
...#####.# #.#
#. #####
.....ee@.# #.#
. .....
>....##### #.#
.#.# #####


PP. #####.# #.#.# . ##...#.###....# ##### ##......##.#.#.### .....
...(.............# ##### ........##.#.#.#.. ### ###...#......... ..#
#..##.'#######+ You could see Duvessa (fast) and Dowan.

Vanquished Creatures
  A water moccasin (D:5)
  A phantom (D:4)
  2 scorpions
  An orc priest (D:4)
  An iguana (D:5)
  4 gnolls
  9 adders
  2 worms (D:3)
  A dart slug (D:1)
  7 orcs
  4 bats
  4 endoplasms
  5 giant cockroaches
  3 goblins
  7 hobgoblins
  7 kobolds
  5 quokkas
  4 ball pythons (D:1)
  3 frilled lizards
  8 rats
79 creatures vanquished.

Notes
Turn   | Place    | Note
-------+----------+-------------------------------------------
     0 | D:1      | LustLizard the Gargoyle Earth Elementalist began the quest
                  | for the Orb.
     0 | D:1      | Reached XP level 1. HP: 10/10 MP: 3/3
   263 | D:1      | Reached XP level 2. HP: 16/16 MP: 3/5
   371 | D:1      | Reached skill level 4 in Earth Magic
   752 | D:1      | Reached skill level 1 in Fighting
   754 | D:1      | Reached XP level 3. HP: 19/20 MP: 1/6
  1112 | D:2      | Learned a level 3 spell: Stone Arrow
  1407 | D:2      | Found a burning altar of Makhleb.
  1525 | D:2      | Became a worshipper of Makhleb the Destroyer
  1551 | D:3      | Reached XP level 4. HP: 25/25 MP: 5/7
  1611 | D:3      | Reached skill level 1 in Conjurations
  2151 | D:3      | Found Tynid's Book Shoppe.
  2414 | D:4      | Noticed a scorpion
  2420 | D:4      | Killed a scorpion
  2421 | D:4      | Reached skill level 5 in Earth Magic
  2421 | D:4      | Reached skill level 1 in Invocations
  2421 | D:4      | Reached XP level 5. HP: 21/30 MP: 1/8
  2825 | D:4      | Found an opulent altar of Gozag.
  2831 | D:4      | Reached * piety under Makhleb
  3201 | D:4      | Noticed a phantom
  3206 | D:4      | Killed a phantom
  3207 | D:4      | Reached XP level 6. HP: 28/35 MP: 6/10
  3239 | D:4      | Found a hide-covered altar of Uskayaw.
  3310 | D:5      | Entered Level 5 of the Dungeon
  3500 | D:5      | Found a stormy altar of Qazlal.
  3530 | D:5      | Found Gapriph's Magic Scroll Boutique.
  3554 | D:5      | Bought a scroll of identify for 28 gold pieces
  3554 | D:5      | Bought a scroll of teleportation for 42 gold pieces
  3561 | D:5      | Noticed Edmund
  3561 | D:5      | Noticed Sigmund
  3672 | D:5      | Found a sacrificial altar of Ru.
  3721 | D:5      | Found a burning altar of Makhleb.
  3736 | D:5      | Noticed a water moccasin
  3740 | D:5      | Killed a water moccasin
  3741 | D:5      | Reached XP level 7. HP: 39/40 MP: 1/11
  3820 | D:5      | Found a staircase to the Ecumenical Temple.
  3820 | D:5      | Noticed Duvessa
  3822 | D:5      | Noticed Dowan
  3831 | D:5      | HP: 1/40 [Duvessa/+0 rapier (8)]
  3831 | D:5      | Slain by Duvessa

Illustrated notes

Levels and vault maps discovered:
D:1:      dpeg_arrival_oval, layout_loops_ring, minmay_box_of_dots
D:2:      layout_rooms, basic_altar, st_stairs_8
D:3:      layout_basic, serial_shops, nicolae_shop_competitors_out_of_business,
          chequers_jeans
D:4:      layout_loops_cross, nicolae_uskayaw_suspiria,
          nicolae_overflow_crystal_walls, dk_rats_in_the_wall
D:5:      layout_loops_ring, mainiacjoe_overflow_catwalk, amcnicky_altar_gilded,
          nicolae_ru_great_annihilating_truth, minmay_temple_entry_overgrown,
          serial_shops, shop, minmay_crystal_water, dk_vineyard_1, uniq_edmund,
          uniq_duvessa, uniq_sigmund, uniq_grinder

Skill      XL: |  1  2  3  4  5  6 |
---------------+-------------------+-----
Earth Magic    | 4 5 |  5.8
Fighting       | 1 2 |  2.6
Conjurations   | 1 2 3 |  3.2
Stealth        | 3 |  3.8
Invocations    | 1 2 |  2.9
Spellcasting   | 3 |  3.1
Dodging        | |  1.5
Transmutations | |  0.7

Action                     |  1- 3 |  4- 6 |  7- 9 || total
---------------------------+-------+-------+-------++-------
   Fire: Shortbow          |       |    30 |     7 ||    37
   Cast: Sandblast         |    42 |    62 |       ||   104
         Stone Arrow       |       |     2 |     3 ||     5
    Use: Scroll            |       |     1 |       ||     1
 Armour: Robe              |     2 |    20 |     1 ||    23
  Dodge: Dodged            |     6 |    40 |     4 ||    50
